 Dungeon Crawl Stone Soup version 0.32-a0-921-g04a7ad8e02 (webtiles) character file.

Game seed: 3455143312833397023

229051 shadizar the Ruinous (level 20, -3/144 (147) HPs)
             Began as a Djinni Conjurer on Apr 11, 2024.
             Was the Champion of Makhleb.
             Killed from afar by a deep elf death mage (12 damage)
             ... with a bolt of negative energy
             ... on level 3 of the Elven Halls.
             The game lasted 01:01:13 (30632 turns).

shadizar the Ruinous (Djinni Conjurer)             Turns: 30632, Time: 01:01:14

HP:   -3/144 (147)  AC: 20    Str: 13    XL:     20   Next: 21%
Gold: 1490          EV: 13    Int: 33    God:    Makhleb [******] SH: 12 Dex: 14

rFire   + + .        m - staff of conjuration
rCold   + + .        M - +0 kite shield {AC+3}
rNeg    + . .        V - +3 scale mail {rC+}
rPois   ∞            x - +0 helmet of the Desert {Str+4 Dex+3 Stlth+}
rElec   +            H - scarf {rC+ rF+}
rCorr   +            l - +2 pair of gloves {Stlth+}
SInv    .            (boots unavailable)
Will    +++..        v - amulet "Cuhuef" {Regen+ Str+3}
Stlth   ++++         n - ring of Kidemink {rElec rF- rN+ rCorr Int+3}
HPRegen 1.24/turn    j - ring of Muk Fi Luru {rC+ Will+}

%: infuse magic (-4 HP)
@: flying, studying Conjurations, lightly drained
A: sickness immunity, fire resistance 2, cold vulnerability 1, float, innate
caster, HP casting, extra vitality 1
}: 1/15 runes: serpentine
a: Renounce Religion, Minor Destruction, Lesser Servant of Makhleb, Major
Destruction, Greater Servant of Makhleb


You were on level 3 of the Elven Halls.
You worshipped Makhleb.
Makhleb was exalted by your worship.
You visited 7 branches of the dungeon, and saw 30 of its levels.
You also visited: Bailey.

You collected 2512 gold pieces.
You spent 1022 gold pieces at shops.

Inventory:

Armour
 l - a +2 pair of gloves of stealth (worn)
 x - the +0 helmet of the Desert (worn) {Str+4 Dex+3 Stlth+}
   (You bought it in a shop on level 2 of the Orcish Mines)

   Str+4:     It affects your strength (+4).
   Dex+3:     It affects your dexterity (+3).
   Stlth+:    It makes you more stealthy.
 E - a +0 tower shield
 H - a scarf of resistance (worn)
 M - a +0 kite shield of protection (worn)
 Q - +0 acid dragon scales
 V - a +3 scale mail of cold resistance (worn)
Magical Staves
 m - a staff of conjuration (weapon)
Jewellery
 b - a +6 ring of intelligence
 g - a ring of protection from cold
 j - the ring of Muk Fi Luru (right hand) {rC+ Will+}
   (You bought it in a shop on level 2 of the Snake Pit)

   [ring of willpower]

   rC+:       It protects you from cold.
   Will+:     It increases your willpower.
 n - the ring of Kidemink (left hand) {rElec rF- rN+ rCorr Int+3}
   (You acquired it on level 8 of the Dungeon)

   [ring of positive energy]

   Int+3:     It affects your intelligence (+3).
   rF-:       It makes you vulnerable to fire.
   rElec:     It insulates you from electricity.
   rN+:       It protects you from negative energy.
   rCorr:     It protects you from acid and corrosion.
 r - a ring of protection from fire
 v - the amulet "Cuhuef" (around neck) {Regen+ Str+3}
   (You found it in a bailey)

   [amulet of regeneration]

   Str+3:     It affects your strength (+3).
   Regen+:    It increases your rate of health regeneration.
 C - a +5 ring of evasion
 J - the amulet of Byteqid {Acrobat rF+}
   (You found it on level 3 of the Lair of Beasts)

   [amulet of the acrobat]

   Acrobat:   It increases your evasion while moving and waiting.
   rF+:       It protects you from fire.
 K - a ring of protection from cold
 O - a +4 ring of protection
Wands
 c - a wand of mindburst (3)
 q - a wand of roots (7)
 w - a wand of charming (21)
 F - a wand of light (20)
 G - a wand of flame (108)
 T - a wand of digging (2)
Scrolls
 e - 3 scrolls of enchant weapon
 f - 4 scrolls of identify
 i - 2 scrolls of butterflies
 k - 4 scrolls of poison
 o - 5 scrolls of fog
 y - 6 scrolls of fear
 A - 2 scrolls of revelation
 D - 3 scrolls of enchant armour
 I - 7 scrolls of teleportation
 L - 3 scrolls of blinking
 R - a scroll of torment
Potions
 a - 5 potions of enlightenment
 d - 13 potions of curing
 h - 5 potions of haste
 p - 5 potions of berserk rage
 s - 4 potions of ambrosia
 t - 3 potions of brilliance
 u - 4 potions of resistance
 z - 2 potions of cancellation
 N - a potion of invisibility
 P - a potion of lignification


   Skills:
 + Level 14.1 Fighting
 + Level 12.2 Armour
 + Level 14.6 Dodging
 + Level 7.1 Stealth
 + Level 12.8 Shields
 * Level 18.1 Spellcasting
 * Level 22.5 Conjurations
 * Level 18.1 Hexes
   Level 0.0 Charms
 * Level 18.1 Summonings
 * Level 18.1 Necromancy
 * Level 18.1 Translocations
   Level 0.0 Transmutations
 * Level 18.1 Fire Magic
 * Level 18.1 Ice Magic
 * Level 18.1 Air Magic
 * Level 18.1 Earth Magic
 * Level 18.1 Alchemy


You knew the following spells:

 Your Spells              Type           Power      Damage    Failure   Level
a - Magic Dart            Conj           100%       1d8       0%          1
b - Searing Ray           Conj           100%       2d8       0%          2
c - Fulminant Prism       Conj/Alch      64%        3d26      1%          4
d - Iskenderun's Mystic   Conj/Tloc      100%       2d19      (+2d11%     4
e - Kiss of Death         Conj/Necr      100%       2d13      0%          1
f - Ensorcelled Hibernat  Hex/Ice        100%       N/A       0%          2
g - Volatile Blastmotes   Fire/Tloc      100%       2d18      0%          3
h - Petrify               Alch/Erth      99%        N/A       1%          4
i - Dispel Undead         Necr           99%        3d31      1%          4
j - Metabolic Englaciati  Hex/Ice        49%        N/A       1%          5
k - Gell's Gavotte        Tloc           49%        2d(33-50) 1%          6
l - Starburst             Conj/Fire      64%        6d17      1%          6
m - Eringya's Noxious Bo  Alch           49%        4d6       1%          6
Your spell library was empty.

Dungeon Overview and Level Annotations

Branches:
Dungeon (14/15)            Temple (1/1) D:4            Lair (5/5) D:8
 Shoals (0/4) Lair:2        Snake (4/4) Lair:2        Slime (1/5) Lair:4
    Orc (2/2) D:10            Elf (3/3) Orc:2        Vaults (0/5) D:14
 Bailey (visited)

Altars:
Ashenzari
Cheibriados
Dithmenos
Elyvilon
Fedhas
Gozag
Hepliaklqana
Makhleb
Nemelex Xobeh
Okawaru
Qazlal
Ru
Trog
Uskayaw
Wu Jian
Xom
Yredelemnul
Zin
The Shining One
Beogh
Jiyva
Lugonu

Shops:
D:5 (   D:7 *   D:9 [   Orc:1 :[   Orc:2 [*(=!   Elf:1 (   Elf:2 (?
Snake:2 *=[   Snake:4 *

Portals:
Abyss: Lair:5
Trove: D:14 (give 5 scrolls of blinking)

Annotations:
D:7 3 runed translucent doors, Armakuni's ghost, novice HuAr; alprk's ghost, novice MiFi
D:14 4 transporters
Elf:3 Zenata


Innate Abilities, Weirdness & Mutations

You are immune to sickness and miasma.
You are immune to poison.
Your flesh is very heat resistant. (rF++)
You are vulnerable to cold. (rC-)
You float through the air rather than walking.
You learn spells naturally, not from books.
Your magical power is your life essence.
You have superior vitality. (+4 MHP)


Message History

A fulminant prism comes into view.
The +6 vampiric halberd hits you from afar.
* * * LOW HITPOINT WARNING * * *
The +6 vampiric halberd hits you from afar.
* * * LOW HITPOINT WARNING * * *
A deep elf death mage comes into view. It is wielding a staff of death.
The +6 vampiric halberd hits you from afar!
* * * LOW HITPOINT WARNING * * *
Unknown command.
Unknown command.
Unknown command.
Unknown command.
Unknown command.
Unknown command.
Unknown command.
Unknown command.
Unknown command.
Unknown command.
Unknown command.
Casting: Fulminant Prism (safe; 1% risk of failure)
Confirm with . or Enter, or press ? or * to list all spells.
You feel a surge of power!
You erupt in a blast of force!
The mystic blast hits the +6 vampiric halberd.
The +6 vampiric halberd is moderately damaged.
The +6 vampiric halberd is knocked back by the mystic blast.
The +6 vampiric halberd collides with the deep elf death mage!
The deep elf death mage is almost dead.
The +6 vampiric halberd is moderately damaged.
The mystic blast hits Zenata!!
Zenata is moderately wounded.
Zenata is knocked back by the mystic blast.
Zenata collides with your fulminant prism!
Your fulminant prism is moderately damaged.
Zenata is heavily wounded.
* * * LOW HITPOINT WARNING * * *
The deep elf death mage points at you and mumbles some strange words.
The bolt of negative energy hits the +6 vampiric halberd.
The +6 vampiric halberd completely resists.
The bolt of negative energy hits you! You partially resist.
You feel drained.
You die...

##).............#
.)####).)..)^...#
..## ##..).)).)#####
##.############)...#
###.##.##
####....####
........#
#...).§....#
....#..##
#..........#
####.#.##
#......a*..#
....#.#.#
#....@.(e$.#
.......##
########)###
........# ##..e#
.......## ##...##
....#### ##)))##
##.## #..e##
##.##### ##$e.#
.......##
##e........
.######.# ##e.......


You could see Zenata (ally target), a deep elf death mage, a +6 vampiric halberd
(summoned, fast, distracted) and a friendly fulminant prism.

Vanquished Creatures
  Saint Roka (Elf:3)
  Asterion (Elf:3)
  2 deep elf blademasters (Elf:3)
  2 deep elf master archers (Elf:3)
  A quicksilver dragon (Snake:4)
  Agnes (Elf:1)
  Gastronok (D:11)
  Frances (D:14)
  3 nagarajas (Snake:4)
  A deep elf sorcerer (Elf:3)
  Louise (Elf:3)
  A deep elf elementalist (Elf:3)
  2 orc warlords (Orc:2)
  6 deep elf demonologists
  4 deep elf annihilators
  6 deep elf death magi
  Azrael (D:14)
  Snorg (D:11)
  2 entropy weavers (shapeshifter)
  A salamander tyrant (Snake:4)
  3 vault guards (D:14)
  Fannar (D:11)
  A hydra (Lair:4)
  5 centaur warriors
  16 anacondas
  4 boulder beetles
  8 two-headed ogres
  2 tengu warriors (D:14)
  21 dancing weapons
  4 orc high priests (Orc:2)
  19 naga sharpshooters
  6 shock serpents
  12 deep elf knights
  4 thrashing horrors (Lair:5)
  Urug (D:10)
  12 naga warriors
  Amaemon (D:8)
  3 skysharks
  3 skeletal warriors (D:11)
  8 mana vipers
  4 sea snakes (Snake:2)
  2 large abominations (Lair:5)
  3 salamander mystics
  6 naga ritualists
  8 deep elf archers
  Pikel (D:8)
  2 obsidian bats
  An arcanist (D:14)
  29 deep elf pyromancers
  2 necromancers (D:14)
  33 deep elf zephyrmancers
  18 ugly things
  3 orc knights (Orc:2)
  The ghost of TobyConnect the Conjurer, a novice DsCj (D:6)
  2 manticores
  5 orc sorcerers
  10 elephants
  11 salamanders
  7 cyclopes
  A black mamba (shapeshifter) (Lair:5)
  8 guardian serpents
  17 naga magi
  2 smoke demons (Lair:5)
  2 kobold blastminers (Orc:2)
  22 black mambas
  A gargoyle (D:12)
  An unseen horror (D:11)
  9 cane toads
  An orange demon (D:8)
  2 kobold demonologists
  2 rime drakes
  An efreet (D:11)
  11 komodo dragons
  A yaktaur (D:14)
  A rime drake (shapeshifter) (D:14)
  A torpor snail (Lair:5)
  A tengu conjurer (D:11)
  2 trolls (shapeshifter)
  6 trolls
  3 merfolk (Lair:2)
  A blink frog (shapeshifter) (D:14)
  6 polar bears
  A raiju (Lair:5)
  Prince Ribbit (D:5)
  7 dream sheep (Lair:5)
  25 blink frogs
  13 slime creatures
  2 air elementals
  A culicivora (shapeshifter) (Elf:2)
  3 shadows
  52 yaks
  3 water elementals
  Sigmund (D:5)
  A ynoxinul (Lair:5)
  A spriggan (shapeshifter) (D:11)
  A vampire (D:10)
  7 fire elementals
  3 wyverns
  18 humans (D:14)
  2 steam dragons (D:8)
  4 wargs (Orc:2)
  4 basilisks
  3 chaos spawn (Lair:5)
  7 vampire mosquitoes
  Edmund (D:5)
  3 acid dragons
  47 nagas
  11 small abominations (Lair:5)
  A hell hound (D:14)
  23 water moccasins
  33 orc warriors
  2 black bears
  2 ice beasts
  An ice beast (shapeshifter) (Lair:5)
  A sky beast (D:8)
  8 ogres
  12 centaurs
  16 wolves
  2 lemures (D:8)
  9 phantoms
  3 kobold brigands
  17 bullfrogs
  An earth elemental (Elf:2)
  4 scorpions
  10 gnoll sergeants
  A water moccasin zombie (D:5)
  A wyvern skeleton (D:5)
  5 wights (D:9)
  2 water moccasin skeletons (D:5)
  7 electric eels
  8 howler monkeys
  3 quasits (D:6)
  A bombardier beetle (D:5)
  5 hounds
  A bullfrog zombie (D:5)
  7 gnoll boudas
  26 orc priests
  A centaur skeleton (D:5)
  11 jellies
  2 scorpion zombies (D:5)
  4 iguanas
  37 orc wizards
  A hound zombie (D:5)
  2 howler monkey skeletons (D:5)
  33 gnolls
  7 adders
  A shadow imp (D:7)
  A dart slug (D:1)
  A ribbon worm (D:4)
  90 orcs
  3 bats
  6 endoplasms
  A giant cockroach (D:3)
  3 goblins (D:2)
  6 hobgoblins
  A quokka (D:1)
  7 ball pythons
  A frilled lizard (D:1)
  5 kobolds
  3 rats
  A fulminant prism (D:14)
1085 creatures vanquished.

Vanquished Creatures (others)
  A deep elf knight (Elf:2)
  A naga mage (Snake:2)
  An orc warrior (Elf:3)
  A butterfly (Lair:2)
  97 fulminant prisms
101 creatures vanquished.

Grand Total: 1186 creatures vanquished

Notes
Turn   | Place    | Note
-------+----------+-------------------------------------------
     0 | D:1      | shadizar the Djinni Conjurer began the quest for the Orb.
     0 | D:1      | shadizar set off with the following spells memorised: Magic
                  | Dart, Searing Ray, Fulminant Prism, Iskenderun's Mystic
                  | Blast.
     0 | D:1      | Reached XP level 1. HP: 15/15 MP: 0/0
   191 | D:1      | Reached XP level 2. HP: 18/21 MP: 0/0
   480 | D:1      | Reached skill level 4 in Conjurations
  1131 | D:2      | Reached XP level 3. HP: 20/25 MP: 0/0
  1131 | D:2      | Learned a level 1 spell: Kiss of Death
  1635 | D:2      | Reached XP level 4. HP: 30/31 MP: 0/0
  2180 | D:3      | Reached skill level 5 in Spellcasting
  2180 | D:3      | Reached skill level 5 in Conjurations
  2180 | D:3      | Reached skill level 5 in Hexes
  2180 | D:3      | Reached skill level 5 in Summonings
  2180 | D:3      | Reached skill level 5 in Necromancy
  2180 | D:3      | Reached skill level 5 in Translocations
  2180 | D:3      | Reached skill level 5 in Fire Magic
  2180 | D:3      | Reached skill level 5 in Ice Magic
  2180 | D:3      | Reached skill level 5 in Air Magic
  2180 | D:3      | Reached skill level 5 in Earth Magic
  2180 | D:3      | Reached skill level 5 in Alchemy
  2180 | D:3      | Reached XP level 5. HP: 30/35 MP: 0/0
  2180 | D:3      | Learned a level 2 spell: Ensorcelled Hibernation
  3157 | D:4      | Reached XP level 6. HP: 24/40 MP: 0/0
  3231 | D:4      | Found a staircase to the Ecumenical Temple.
  3250 | Temple   | Entered the Ecumenical Temple
  3265 | Temple   | Became a worshipper of Makhleb the Destroyer
  3964 | D:5      | Entered Level 5 of the Dungeon
  3990 | D:5      | Reached skill level 6 in Conjurations
  3995 | D:5      | Reached XP level 7. HP: 30/45 MP: 0/0
  3995 | D:5      | Learned a level 3 spell: Volatile Blastmotes
  4267 | D:5      | Reached skill level 7 in Conjurations
  4369 | D:5      | Reached XP level 8. HP: 21/50 MP: 0/0
  4379 | D:5      | Noticed Prince Ribbit
  4441 | D:5      | Killed Prince Ribbit
  4484 | D:5      | Reached skill level 8 in Conjurations
  4616 | D:5      | Reached * piety under Makhleb
  4726 | D:5      | Reached skill level 1 in Fighting
  4870 | D:5      | Noticed Edmund
  4880 | D:5      | Killed Edmund
  4881 | D:5      | Reached XP level 9. HP: 29/58 MP: 0/0
  4881 | D:5      | Learned a level 4 spell: Petrify
  4894 | D:5      | Noticed Sigmund
  4989 | D:5      | Killed Sigmund
  5389 | D:5      | Found Nake's Antique Weapon Shop.
  5531 | D:5      | Found a sparkling altar of Nemelex Xobeh.
  5546 | D:5      | Found a hide-covered altar of Uskayaw.
  5546 | D:5      | Found an opulent altar of Gozag.
  5547 | D:5      | Found a white marble altar of Elyvilon.
  5549 | D:5      | Found a sacrificial altar of Ru.
  5915 | D:6      | Reached skill level 9 in Conjurations
  5948 | D:6      | Reached ** piety under Makhleb
  6181 | D:6      | Identified the +5 flail of Doom {freeze, Str+3}
  6375 | D:6      | Found a transporter.
  6377 | D:6      | Noticed TobyConnect's ghost (novice DsCj)
  6416 | D:6      | Found a transporter.
  6599 | D:6      | Killed TobyConnect's ghost
  6600 | D:6      | Reached skill level 5 in Dodging
  6600 | D:6      | Reached XP level 10. HP: 37/68 MP: 0/0
  7256 | D:7      | Reached *** piety under Makhleb
  7429 | D:7      | Found a runed translucent gate.
  7429 | D:7      | Found a runed translucent gate.
  7431 | D:7      | Found a runed translucent gate.
  7433 | D:7      | Noticed alprk's ghost (novice MiFi)
  7433 | D:7      | Noticed Armakuni's ghost (novice HuAr)
  7450 | D:7      | Found Fouff's Serpentskin Sales.
  7457 | D:7      | Identified the +5 great mace "Beg Seec" {speed, rC+}
  7821 | D:8      | Reached skill level 5 in Fighting
  7821 | D:8      | Reached skill level 5 in Stealth
  7824 | D:8      | Reached skill level 10 in Spellcasting
  7824 | D:8      | Reached skill level 10 in Conjurations
  7824 | D:8      | Reached skill level 10 in Hexes
  7824 | D:8      | Reached skill level 10 in Summonings
  7824 | D:8      | Reached skill level 10 in Necromancy
  7824 | D:8      | Reached skill level 10 in Translocations
  7824 | D:8      | Reached skill level 10 in Fire Magic
  7824 | D:8      | Reached skill level 10 in Ice Magic
  7824 | D:8      | Reached skill level 10 in Air Magic
  7824 | D:8      | Reached skill level 10 in Earth Magic
  7824 | D:8      | Reached skill level 10 in Alchemy
  7965 | D:8      | Identified 2 scrolls of acquirement
  7965 | D:8      | Acquired the ring of Kidemink {rElec rF- rN+ rCorr Int+3}
  8043 | D:8      | Noticed an orange demon
  8051 | D:8      | Killed an orange demon
  8052 | D:8      | Reached XP level 11. HP: 47/76 MP: 0/0
  8052 | D:8      | Learned a level 4 spell: Dispel Undead
  8102 | D:8      | Noticed Amaemon
  8114 | D:8      | Killed Amaemon
  8115 | D:8      | Reached skill level 1 in Shields
  8193 | D:8      | Found a flagged portal.
  8255 | D:8      | Found a staircase to the Lair.
  8293 | Bailey   | Entered a bailey
  8298 | Bailey   | Reached **** piety under Makhleb
  9051 | Bailey   | Identified the amulet "Cuhuef" {Regen+ Str+3}
  9208 | D:8      | Reached skill level 11 in Conjurations
  9470 | D:8      | Noticed Pikel
  9478 | D:8      | Killed Pikel
  9800 | D:8      | Acquired a manual of Conjurations
 10147 | D:9      | You are sucked into a shaft and drop 1 floor!
 10147 | D:10     | Entered Level 10 of the Dungeon
 10282 | D:9      | Reached skill level 1 in Armour
 10670 | D:9      | Noticed a two-headed ogre
 10681 | D:9      | Killed a two-headed ogre
 10716 | D:9      | Found Ysischy's Antique Armour Shoppe.
 10724 | D:9      | Bought a pair of embroidered gloves for 180 gold pieces
 10904 | Lair:1   | Entered Level 1 of the Lair of Beasts
 10944 | Lair:1   | Noticed an elephant
 10944 | Lair:1   | Noticed an elephant
 10947 | Lair:1   | Noticed an elephant
 10958 | Lair:1   | Killed an elephant
 10959 | Lair:1   | Reached XP level 12. HP: 65/82 MP: 0/0
 10960 | Lair:1   | Reached skill level 12 in Conjurations
 11320 | Lair:1   | Identified the +7 short sword "Goblinslayer" {venom,
                  | +Blink}
 11336 | Lair:1   | Reached skill level 5 in Shields
 11366 | Lair:1   | Reached ***** piety under Makhleb
 12014 | Lair:2   | Found a staircase to the Snake Pit.
 12114 | Lair:2   | Found a staircase to the Shoals.
 12141 | Lair:2   | Reached skill level 13 in Conjurations
 12797 | Lair:3   | Reached XP level 13. HP: 90/90 MP: 0/0
 12797 | Lair:3   | Learned a level 5 spell: Metabolic Englaciation
 12843 | Lair:3   | Identified the amulet of Byteqid {Acrobat rF+}
 12965 | Lair:3   | Found a glowing silver altar of Zin.
 13006 | Lair:3   | Found the +4 robe of Folly {Brill Will-∞ Int+8}
 13387 | Lair:4   | Noticed a five-headed hydra
 13394 | Lair:4   | Killed a five-headed hydra
 13395 | Lair:4   | Reached skill level 5 in Armour
 13516 | Lair:4   | Reached skill level 14 in Conjurations
 13702 | Lair:4   | Found a staircase to the Slime Pits.
 13729 | Lair:4   | Found a viscous altar of Jiyva.
 14313 | Lair:5   | Entered Level 5 of the Lair of Beasts
 14508 | Lair:5   | Reached ****** piety under Makhleb
 14588 | Lair:5   | Reached XP level 14. HP: 93/99 MP: 0/0
 14591 | Lair:5   | Reached skill level 15 in Conjurations
 14975 | Lair:5   | Reached skill level 10 in Dodging
 15081 | Lair:5   | Found a corrupted altar of Lugonu.
 15081 | Lair:5   | Found a one-way gate to the infinite horrors of the Abyss.
 15330 | Lair:5   | Reached skill level 16 in Conjurations
 15940 | D:10     | Found a viscous altar of Jiyva.
 15942 | D:10     | Noticed Urug
 15954 | D:10     | Killed Urug
 16059 | D:10     | Found a staircase to the Orcish Mines.
 16532 | D:11     | Noticed Snorg
 16540 | D:11     | Killed Snorg
 16602 | D:11     | Noticed Fannar
 16607 | D:11     | Killed Fannar
 16608 | D:11     | Reached XP level 15. HP: 99/106 MP: 0/0
 16608 | D:11     | Learned a level 6 spell: Gell's Gavotte
 16895 | D:11     | Found a transporter.
 16936 | D:11     | Found a transporter.
 17056 | D:11     | Noticed Gastronok
 17074 | D:11     | Killed Gastronok
 17497 | Orc:1    | Entered Level 1 of the Orcish Mines
 17648 | Orc:1    | Found Maedoux's Antique Armour Shoppe.
 17760 | Orc:1    | Found Buowireso's Book Emporium.
 17797 | Orc:1    | Reached skill level 17 in Conjurations
 17997 | Orc:2    | Entered Level 2 of the Orcish Mines
 18126 | Orc:2    | Found Jiem's Distillery.
 18265 | Orc:2    | Paralysed by an orc sorcerer for 3 turns
 18269 | Orc:2    | Reached skill level 10 in Fighting
 18352 | Orc:2    | Found a roughly hewn altar of Beogh.
 18380 | Orc:2    | Noticed an orc warlord
 18406 | Orc:2    | Noticed an orc warlord
 18417 | Orc:2    | Killed an orc warlord
 18423 | Orc:2    | Killed an orc warlord
 18612 | Orc:2    | Found Ineusisicw's General Store.
 18613 | Orc:2    | Found Tuoxan's Jewellery Boutique.
 18615 | Orc:2    | Found Pyassic's Antique Armour Shop.
 18615 | Orc:2    | Found Ytyg's Antique Weapon Shop.
 18625 | Orc:2    | Bought a polished helmet for 218 gold pieces
 18625 | Orc:2    | Identified the +0 helmet of the Desert {Str+4 Dex+3 Stlth+}
                  | (You bought it in a shop on level 2 of the Orcish Mines)
 18727 | Orc:2    | Found a staircase to the Elven Halls.
 19315 | D:12     | Reached XP level 16. HP: 114/114 MP: 0/0
 19724 | D:12     | Identified the +8 flail of the Ageing Madman {freeze, rC+
                  | Will+ Str+2 Int+3}
 19990 | D:13     | Reached skill level 15 in Spellcasting
 19990 | D:13     | Reached skill level 15 in Hexes
 19990 | D:13     | Reached skill level 15 in Summonings
 19990 | D:13     | Reached skill level 15 in Necromancy
 19990 | D:13     | Reached skill level 15 in Translocations
 19990 | D:13     | Reached skill level 15 in Fire Magic
 19990 | D:13     | Reached skill level 15 in Ice Magic
 19990 | D:13     | Reached skill level 15 in Air Magic
 19990 | D:13     | Reached skill level 15 in Earth Magic
 19990 | D:13     | Reached skill level 15 in Alchemy
 20119 | D:13     | Identified the +1 leather armour "Unishrox" {rF+ rC+ SInv}
 20309 | D:13     | Reached skill level 18 in Conjurations
 20768 | D:13     | Reached skill level 10 in Shields
 21082 | D:14     | Noticed Azrael
 21098 | D:14     | Killed Azrael
 21122 | D:14     | Found a transporter.
 21124 | D:14     | Found a transporter.
 21126 | D:14     | Found a transporter.
 21454 | D:14     | Noticed Frances
 21464 | D:14     | Killed Frances
 21626 | D:14     | Found a gate to the Vaults.
 21706 | D:14     | Found a portal to a secret trove of treasure.
 21802 | D:14     | Found a transporter.
 22350 | Slime:1  | Entered Level 1 of the Pits of Slime
 22473 | Snake:1  | Entered Level 1 of the Snake Pit
 22588 | Snake:1  | Reached XP level 17. HP: 104/121 MP: 0/0
 22588 | Snake:1  | Learned a level 6 spell: Starburst
 22789 | Snake:1  | Reached skill level 10 in Armour
 22789 | Snake:1  | Reached skill level 19 in Conjurations
 23110 | Snake:1  | Identified the +1 robe of Atsevig {rF+ Slay+2 Stlth+}
 23914 | Snake:2  | Found Xineuth's Antique Armour Shoppe.
 23916 | Snake:2  | Found Rieneps's Jewellery Emporium.
 23918 | Snake:2  | Found Coegefyw's Assorted Antiques.
 23932 | Snake:2  | Bought the ring of Muk Fi Luru {rC+ Will+} for 624 gold
                  | pieces
 23971 | Snake:2  | Reached skill level 20 in Conjurations
 25578 | Snake:4  | Entered Level 4 of the Snake Pit
 25614 | Snake:4  | Reached XP level 18. HP: 110/130 MP: 0/0
 25891 | Snake:4  | Found Uhieloca's General Store.
 26012 | Snake:4  | Reached skill level 21 in Conjurations
 26282 | Snake:4  | Noticed a quicksilver dragon
 26288 | Snake:4  | Killed a quicksilver dragon
 26318 | Snake:4  | Got a serpentine rune of Zot
 27341 | Elf:1    | Entered Level 1 of the Elven Halls
 27341 | Elf:1    | Noticed Agnes
 27351 | Elf:1    | Killed Agnes
 27712 | Elf:1    | Found Hotru's Antique Weapon Shop.
 27992 | Elf:1    | Reached XP level 19. HP: 106/138 MP: 0/0
 27992 | Elf:1    | Learned a level 6 spell: Eringya's Noxious Bog
 28257 | Elf:2    | Found Ecutiucw's Antique Weapon Shoppe.
 28338 | Elf:2    | Identified the +9 sling "Onobb" {antimagic, rElec rF++}
 28351 | Elf:2    | Identified the +7 plate armour "Ozowyll" {rF+}
 28444 | Elf:2    | Found Vicw's Magic Scroll Boutique.
 28637 | Elf:2    | Found a runed translucent gate.
 28638 | Elf:2    | Found a runed translucent gate.
 28638 | Elf:2    | Found a runed translucent gate.
 29022 | Elf:2    | Reached skill level 22 in Conjurations
 29757 | Elf:3    | Entered Level 3 of the Elven Halls
 29757 | Elf:3    | Noticed Asterion
 29766 | Elf:3    | Killed Asterion
 29835 | Elf:3    | Paralysed by an air elemental for 1 turns
 30014 | Elf:3    | Noticed Saint Roka
 30024 | Elf:3    | Noticed Louise
 30034 | Elf:3    | Killed Louise
 30040 | Elf:3    | Killed Saint Roka
 30529 | Elf:3    | Noticed a deep elf blademaster
 30536 | Elf:3    | Killed a deep elf blademaster
 30546 | Elf:3    | Noticed a deep elf blademaster
 30570 | Elf:3    | Reached XP level 20. HP: 145/147 MP: 0/0
 30573 | Elf:3    | Noticed a Brimstone Fiend
 30596 | Elf:3    | Identified the +2 robe of the Comet {rCorr Int+2 Dex+6}
 30600 | Elf:3    | Identified the +14 chain mail of Pyar {rC++ Str+4}
 30620 | Elf:3    | Noticed Zenata
 30623 | Elf:3    | HP: 7/147 [+2 long sword of holy wrath[Zenata] (4)]
 30632 | Elf:3    | Killed from afar by a deep elf death mage

Illustrated notes

Levels and vault maps discovered:
D:1:      dpeg_arrival_yet_another_circle, layout_basic
D:2:      layout_loops_corners
D:3:      layout_basic
D:4:      layout_basic, minmay_temple_entry_butterflies, serial_bayou_lagoon_b
D:5:      layout_basic, minitemple, serial_undead, serial_undead_d,
          serial_undead_a, serial_undead_f, serial_undead_f, serial_undead_b,
          serial_undead_c, serial_undead_a, serial_shops, nicolae_square_shop,
          uniq_sigmund, uniq_edmund, uniq_prince_ribbit1
D:6:      layout_basic, gammafunk_ghost_stat_death
D:7:      layout_gridville, gammafunk_ghost_cemetery, guppyfry_shop_venom
D:8:      kennysheep_spiral_hall, layout_loops_ring, minmay_lair_entry_grove,
          enter_bailey_2, uniq_amaemon, uniq_pikel
D:9:      layout_stronghold, serial_shops, shop
D:10:     layout_roguey, orc_0_dummy, jiyva_altar_1, uniq_urug
D:11:     gammafunk_the_bubble [the_bubble_gammafunk_crates], layout_basic,
          uniq_snorg, uniq_fannar, uniq_gastronok
D:12:     layout_stronghold, kiku_gazebo_garden_becter
D:13:     layout_stronghold
D:14:     layout_irregular_city, grunt_vaults_entry_tiered,
          nicolae_trove_entry_crystal, nicolae_diode_quadrants, uniq_frances,
          uniq_azrael
Temple:   nicolae_temple_bog_church
Lair:1:   layout_cave_pods, minivault_24, st_stairs_10
Lair:2:   layout_chaotic_city, mainiacjoe_shoals_entry_four_pools,
          minmay_snake_entry_guardpost_medium, pdpol_lair_neglected_garden,
          nicolae_quartered_pool_medium, columned_hall_lemuel,
          lemuel_fruit_fields
Lair:3:   layout_roguey, basic_altar, dreamdust_deal_with_the_devil
Lair:4:   layout_regular_city, nicolae_slime_entry_field_trip,
          cheibrodos_lair_lostbears
Lair:5:   hellmonk_lair_end_abyssal_woods, layout_loops_ring,
          chequers_serial_rivers_large_a, fungi_pond_lemuel, minivault_25,
          chequers_serial_rivers_small_b
Snake:1:  layout_cave_pods
Snake:2:  minmay_snake_river, layout_gridlike, special_room, minmay_shop_star,
          grunt_megastairs_5, serial_bayou_shore_a
Snake:3:  layout_rooms, nicolae_snake_biting_tails, grunt_megastairs_3
Snake:4:  hellmonk_snake_rune_quicksilver_temple, layout_gridlike, serial_shops,
          shop, hangedman_snake_thin_pillar_pass, grunt_megastairs_1
Slime:1:  layout_caves, nicolae_slime_getting_an_eyeful
Orc:1:    layout_caves, serial_shops, nicolae_shop_advertising_works
          [nicolae_subvault_shop_adworks], nicolae_square_shop, minmay_orc_keep
Orc:2:    st_orc_congregation, layout_diamond_mine, basic_altar, serial_shops,
          shop_statue
Elf:1:    elf_arrival_002, layout_rooms, serial_shops,
          nicolae_shop_just_a_little_nook, minmay_elf_annihilation, uniq_agnes
Elf:2:    nicolae_elf_blades_crystal_corner, layout_onion_city, basic_altar,
          serial_shops, shop, nicolae_shop_peninsula
Elf:3:    grunt_elf_hall_asides, layout_rooms, uniq_asterion, uniq_zenata,
          uniq_saint_roka, uniq_louise

Skill      XL: |  1  2  3  4  5  6  7  8  9 10 11 12 13 14 15 16 17 18 19 20 |
---------------+-------------------------------------------------------------+-----
Spellcasting   | 4 5 6 7 8 9 10 11 12 13 14 15 16 17 18 | 18.1
Conjurations   | 4 5 6 7 8 9 10 11 13 14 16 17 18 20 21 22 | 22.5
Hexes          | 4 5 6 7 8 9 10 11 12 13 14 15 16 17 18 | 18.1
Summonings     | 4 5 6 7 8 9 10 11 12 13 14 15 16 17 18 | 18.1
Necromancy     | 4 5 6 7 8 9 10 11 12 13 14 15 16 17 18 | 18.1
Translocations | 4 5 6 7 8 9 10 11 12 13 14 15 16 17 18 | 18.1
Fire Magic     | 4 5 6 7 8 9 10 11 12 13 14 15 16 17 18 | 18.1
Ice Magic      | 4 5 6 7 8 9 10 11 12 13 14 15 16 17 18 | 18.1
Air Magic      | 4 5 6 7 8 9 10 11 12 13 14 15 16 17 18 | 18.1
Earth Magic    | 4 5 6 7 8 9 10 11 12 13 14 15 16 17 18 | 18.1
Alchemy        | 4 5 6 7 8 9 10 11 12 13 14 15 16 17 18 | 18.1
Fighting       | 2 4 5 7 8 9 10 11 12 13 14 | 14.1
Stealth        | 2 4 5 6 7 |  7.1
Dodging        | 3 5 6 7 8 9 10 11 12 13 14 | 14.6
Shields        | 4 5 7 8 9 10 11 12 | 12.8
Armour         | 2 4 6 7 8 9 10 11 12 | 12.2

Action                     |  1- 3 |  4- 6 |  7- 9 | 10-12 | 13-15 | 16-18 | 19-21 || total
---------------------------+-------+-------+-------+-------+-------+-------+-------++-------
  Melee: Unarmed           |       |       |       |     1 |       |       |       ||     1
         Staff             |       |       |       |     5 |    13 |    12 |     9 ||    39
   Cast: Magic Dart        |    52 |    98 |   158 |   206 |   423 |   391 |   146 ||  1474
         Searing Ray       |       |     2 |       |       |       |       |       ||     2
         Iskenderun's Myst |       |     1 |    63 |   197 |   382 |   540 |   215 ||  1398
         Fulminant Prism   |       |       |     6 |    17 |    28 |    23 |    25 ||    99
         Metabolic Englaci |       |       |       |       |     2 |     1 |     1 ||     4
         Eringya's Noxious |       |       |       |       |       |       |     1 ||     1
         Gell's Gavotte    |       |       |       |       |       |       |     1 ||     1
    Use: Scroll            |       |       |       |    20 |    10 |     2 |       ||    32
         Potion            |       |       |       |     3 |       |       |     4 ||     7
 Armour: Robe              |     1 |    23 |    24 |    17 |       |       |       ||    65
         Steam dragon scal |       |       |       |    41 |    65 |       |       ||   106
         Scale mail        |       |       |       |       |    42 |   301 |   148 ||   491
  Dodge: Dodged            |     4 |    24 |    12 |    39 |    77 |   124 |    43 ||   323
  Block: Kite shield       |       |       |       |    25 |    85 |   196 |    61 ||   367

Table legend: (Time is in decaauts)
 A = Elapsed time spent in this place.
 B = Non-inter-level travel time spent in this place.
 C = Inter-level travel time spent in this place.
 D = Time resting spent in this place.
 E = Time spent auto-exploring this place.
 F = Levels seen in this place.
 G = Mean time per level.
                   A        B        C        D        E       F      G
               +--------+--------+--------+--------+--------+-----+--------+
         Total |  30669 |  28828 |   1841 |      0 |  21399 |  31 |  989.3 |
       Dungeon |  15093 |  14220 |    873 |      0 |  11307 |  14 | 1078.1 |
        Temple |     30 |     16 |     14 |      0 |      0 |   1 |   30.0 |
          Lair |   5062 |   4611 |    451 |      0 |   3422 |   5 | 1012.4 |
     Snake Pit |   4617 |   4350 |    267 |      0 |   3000 |   4 | 1154.2 |
    Slime Pits |     55 |     52 |      3 |      0 |     43 |   1 |   55.0 |
  Orcish Mines |   1650 |   1487 |    163 |      0 |    938 |   2 |  825.0 |
   Elven Halls |   3296 |   3228 |     68 |      0 |   2102 |   3 | 1098.7 |
        Bailey |    862 |    862 |      0 |      0 |    587 |   1 |  862.0 |
               +--------+--------+--------+--------+--------+-----+--------+

Top non-repeatable levels by time:
   Elf:2: 1680 daAuts
 Snake:4: 1418 daAuts
     D:5: 1387 daAuts
     D:4: 1343 daAuts
  Lair:5: 1336 daAuts
     D:2: 1286 daAuts
 Snake:2: 1276 daAuts
     D:8: 1237 daAuts
    D:13: 1183 daAuts
     D:7: 1150 daAuts
   Orc:2: 1141 daAuts
  Lair:1: 1126 daAuts
    D:11: 1091 daAuts
    D:14: 1029 daAuts
     D:9: 1026 daAuts
